 Dungeon Crawl Stone Soup version 0.25-a0-781-gc44aebf4fe (webtiles) character file.

Game seed: 15053956116755620605, levelgen mode: deterministic

394 Hasart the Chiller (level 6, 0/32 HPs)
             Began as a Deep Elf Ice Elementalist on Apr 14, 2020.
             Slain by a phantom (3 damage)
             ... on level 4 of the Dungeon on Apr 15, 2020.
             The game lasted 00:13:34 (3073 turns).

Hasart the Chiller (Deep Elf Ice Elementalist)      Turns: 3073, Time: 00:13:34

Health: 0/32       AC:  2    Str:  5    XL:     6   Next: 52%
Magic:  6/15       EV: 17    Int: 22    God:
Gold:   64         SH:  0    Dex: 15    Spells: 3/15 levels left

rFire    . . .     SeeInvis .   d - +0 whip (venom)
rCold    . . .     Gourm    +   (no shield)
rNeg     . . .     Faith    .   a - +0 robe
rPois    .         Spirit   .   (no helmet)
rElec    .         Reflect  .   (no cloak)
rCorr    .         Harm     .   (no gloves)
MR       .....                  (no boots)
Stlth    ++........             o - amulet of the gourmand
HPRegen  0.10/turn              s - +2 ring of evasion
MPRegen  0.14/turn              (no ring)

@: lethally poisoned (0 -> -3), flying
A: no striking features
a: no special abilities


You were on level 4 of the Dungeon.
You were very full.

You visited 1 branch of the dungeon, and saw 4 of its levels.

You collected 64 gold pieces.

Inventory:

Hand Weapons
 d - a +0 whip of venom (weapon)
Missiles
 i - 16 poisoned darts (quivered)
Armour
 a - a +0 robe (worn)
Jewellery
 o - an amulet of the gourmand (around neck)
 s - a +2 ring of evasion (left hand)
Wands
 t - a wand of acid (8)
Scrolls
 b - a scroll of magic mapping
 e - a scroll of fear {unknown}
 g - 4 scrolls of identify
 h - 2 scrolls of remove curse
 j - a scroll of enchant armour {unknown}
 m - 2 scrolls of fog {unknown}
 n - a scroll of amnesia {unknown}
 q - a scroll of immolation {unknown}
 r - a scroll of noise {unknown}
 u - 2 scrolls of random uselessness {unknown}
Potions
 f - a potion of magic
 k - a potion of brilliance {unknown}
 l - a potion of cancellation {unknown}
 v - a potion of flight
Comestibles
 c - 5 rations
 p - 2 chunks of flesh


   Skills:
 + Level 4.7 Dodging
 - Level 2.4 Stealth
 + Level 5.2 Spellcasting
 * Level 6.9 Ice Magic


You had 3 spell levels left.
You knew the following spells:

 Your Spells              Type           Power        Failure   Level  Hunger
a - Freeze                Ice            ####         1%          1    None
b - Frozen Ramparts       Ice            #####.       1%          3    ##.....
c - Summon Ice Beast      Ice/Summ       ###.....     24%         4    ####...
d - Hailstorm             Conj/Ice       ###.....     24%         4    ####...

Your spell library contained the following spells:

 Spells                   Type           Power        Failure   Level  Hunger
 Ozocubu's Armour         Chrm/Ice       ###.....     7%          3    ##.....


Dungeon Overview and Level Annotations

Branches:
Dungeon (4/15)
 Temple: D:4-7

Altars:


Message History

The orc priest hits you with a +0 club.
An orc wizard comes into view. It is wielding a +0 dagger.
Things that are here:
a cursed -1 dagger; a +0 leather armour
Casting: Hailstorm (quite dangerous; 24% risk of failure)
Confirm with . or Enter, or press ? or * to list all spells.
Aiming: Freeze (safe; 1% risk of failure)
Press: ? - help, Shift-Dir - straight line, f - orc priest
Aim: an orc priest, wielding a +0 club (almost dead)
You freeze the orc priest!
You kill the orc priest!
The phantom hits you!
* * * LOW HITPOINT WARNING * * *
The orc wizard casts a spell.
The orc wizard flickers and vanishes!
Deactivating autopickup; reactivate with Ctrl-A.
It was a potion of flight.
You feel very buoyant.
You fly up into the air.
The phantom hits you.
You die...

##.........# .......
#.........###.......#.
#.>...................
#..(......###.........
#.........# .......#.
#..........##
.........
............###.....#
######.#..)).W.)..##..
.........###@....?..
.........o?....###..
.........o....##
.....{...o....#
..........o.....
..............##
.........o....#
.#######......#
...(...#


You could see a phantom, 3 orc wizards and 2 orcs.

Vanquished Creatures
  A scorpion (D:4)
  2 orc priests
  An orc wizard (D:3)
  Ijyb (D:4)
  2 worker ants (D:4)
  5 adders
  4 gnolls (D:3)
  2 worms (D:3)
  4 dart slugs (D:1)
  3 leopard geckos
  15 orcs
  4 giant cockroaches
  2 goblins (D:1)
  10 hobgoblins
  3 jackals (D:3)
  3 quokkas
  A ball python (D:2)
  8 bats
  2 frilled lizards
  7 kobolds
  5 rats
85 creatures vanquished.

Notes
Turn   | Place    | Note
-------+----------+-------------------------------------------
     0 | D:1      | Hasart the Deep Elf Ice Elementalist began the quest for
                  | the Orb.
     0 | D:1      | Reached XP level 1. HP: 10/10 MP: 6/6
     0 | D:1      | Upgraded the game from 0.25-a0-780-g622e69b31f to
                  | 0.25-a0-781-gc44aebf4fe
    50 | D:1      | Reached XP level 2. HP: 14/15 MP: 1/8
   808 | D:2      | Reached skill level 5 in Ice Magic
   808 | D:2      | Reached XP level 3. HP: 19/19 MP: 8/10
   814 | D:2      | Learned a level 3 spell: Frozen Ramparts
  1216 | D:2      | Found a faded altar of an unknown god.
  1422 | D:3      | Reached XP level 4. HP: 18/24 MP: 1/12
  1778 | D:3      | Reached XP level 5. HP: 6/28 MP: 9/13
  1791 | D:3      | Reached skill level 6 in Ice Magic
  2905 | D:4      | Noticed Ijyb
  2918 | D:4      | Killed Ijyb
  2958 | D:4      | Reached skill level 5 in Spellcasting
  2958 | D:4      | Reached XP level 6. HP: 32/32 MP: 11/15
  2964 | D:4      | Learned a level 4 spell: Summon Ice Beast
  2969 | D:4      | Learned a level 4 spell: Hailstorm
  3073 | D:4      | Slain by a phantom

Levels and vault maps discovered:
D:1:      roderic_dead_forest, layout_basic
D:2:      layout_loops_cross, chequers_ecumenical_altar_twisty, first_ration
D:3:      layout_rooms
D:4:      layout_rooms, kennysheep_vampire_church, minmay_temple_entry_junction,
          uniq_ijyb

Skill      XL: |  1  2  3  4  5 |
---------------+----------------+-----
Dodging        | 3 4 |  4.7
Ice Magic      | 5 6 |  6.9
Spellcasting   | 4 5 |  5.2
Stealth        | |  2.4

Action                   |  1- 3 |  4- 6 || total
-------------------------+-------+-------++-------
Melee: Unarmed           |     4 |       ||     4
       Short sword       |    18 |     3 ||    21
       Falchion          |       |     3 ||     3
       Whip              |       |    18 ||    18
 Cast: Freeze            |    58 |    44 ||   102
       Frozen Ramparts   |     1 |    15 ||    16
       Hailstorm         |       |     1 ||     1
  Use: Scroll            |       |     3 ||     3
       Potion            |       |     1 ||     1
  Eat: Chunk             |     1 |    16 ||    17
Armor: Robe              |    15 |     4 ||    19
Dodge: Dodged            |    56 |    39 ||    95
       Rpst.: Falchion   |       |     5 ||     5

Table legend:
 A = Non-vault XP
 B = Vault XP
 C = Vault XP percentage of total XP
 D = Non-vault monster count
 E = Vault monster count
 F = Vault count percentage of total count
                 A         B        C        D         E       F
            +---------+---------+-------+---------+---------+-------
      Total |     528 |      36 |   6.4 |      84 |       1 |   1.2
            +---------+---------+-------+---------+---------+-------
        D:1 |      40 |       0 |   0.0 |      19 |       0 |   0.0
        D:2 |      23 |       0 |   0.0 |      16 |       0 |   0.0
        D:3 |     265 |       0 |   0.0 |      40 |       0 |   0.0
        D:4 |     200 |      36 |  15.3 |       9 |       1 |  10.0
            +---------+---------+-------+---------+---------+-------
